 Dungeon Crawl Stone Soup version 0.26-a0-1213-gd52f5182fe (webtiles) character file.

Game seed: 4314962471354646852

49 DocSulfur the Insei (level 3, 0/26 HPs)
             Began as a Merfolk Transmuter on Dec 30, 2020.
             Slain by a goblin
             ... wielding a +0 dagger
              (2 damage)
             ... on level 3 of the Dungeon.
             The game lasted 00:03:29 (1575 turns).

DocSulfur the Insei (Merfolk Transmuter)            Turns: 1575, Time: 00:03:29

Health: 0/26       AC:  2    Str: 11    XL:     3   Next: 75%
Magic:  7/7        EV: 13    Int: 12    God:
Gold:   84         SH:  0    Dex: 14    Spells: 4/7 levels left

rFire    . . .     SeeInvis .     - Unarmed
rCold    . . .     Faith    .   (no shield)
rNeg     . . .     Spirit   .   g - +0 robe
rPois    .         Reflect  .   (no helmet)
rElec    .         Harm     .   (no cloak)
rCorr    .         Rampage  .   (no gloves)
Will     .....                  (no boots)
Stlth    +.........             (no amulet)
HPRegen  0.08/turn              (no ring)
MPRegen  0.10/turn              (no ring)

@: flying
A: change form in water, swift swim, stealthy swim
a: no special abilities


You were on level 3 of the Dungeon.
You visited 1 branch of the dungeon, and saw 3 of its levels.

You collected 84 gold pieces.

Inventory:

Missiles
 e - 21 sling bullets
 f - 15 stones
Armour
 g - a +0 robe (worn)
Scrolls
 c - a scroll of fear {unknown}
 d - a scroll of identify {unknown}


   Skills:
 - Level 1.1 Fighting
 - Level 2.6 Dodging
 + Level 3.9 Unarmed Combat
 + Level 2.7 Spellcasting
 + Level 3.7 Transmutations


You had 4 spell levels left.
You knew the following spells:

 Your Spells              Type           Power        Failure   Level
a - Beastly Appendage     Tmut           20%          5%          1
b - Wereblood             Tmut           10%          9%          2

Your spell library contained the following spells:

 Spells                   Type           Power        Failure   Level
 Spider Form              Tmut/Pois      3%           34%         3
 Ice Form                 Ice/Tmut       6%           75%         4
 Blade Hands              Tmut           5%           83%         5


Dungeon Overview and Level Annotations

Branches:
Dungeon (3/15)

Altars:
Wu Jian


Message History

* * * LOW HITPOINT WARNING * * *
You feel sick.
Your transformation is almost over.
* * * LOW HITPOINT WARNING * * *
You feel sick.
* * * LOW HITPOINT WARNING * * *
You feel sick.
You are no longer poisoned.
A goblin comes into view. It is wielding a +0 dagger.
The goblin shouts!
Your horns disappear.
A giant cockroach comes into view.
The giant cockroach bites you but does no damage.
The giant cockroach bites you.
* * * LOW HITPOINT WARNING * * *
A goblin comes into view. It is wielding a +0 dagger.
The giant cockroach barely misses you. The goblin hits you but does no damage.
The giant cockroach closely misses you.
You reach down and open the door.
The goblin hits you with a +0 dagger.
You die...

#........#.#
##########.#
#......######.
#.............
#......#######
#......#
#......#
######.B....#
#....'@g....+
#.####.g....#
#.....#...#
.....#.#.....#
......#.#.....#
......+.......#
......#.#####.#
......#.. .#


You could see a giant cockroach and 2 goblins.

Vanquished Creatures
  An adder (D:2)
  2 dart slugs (D:1)
  2 leopard geckos (D:1)
  2 bats
  A giant cockroach (D:1)
  5 goblins
  5 hobgoblins
  3 frilled lizards (D:1)
  7 kobolds
  4 rats (D:1)
32 creatures vanquished.

Vanquished Creatures (others)
  5 plants (D:3)
5 creatures vanquished.

Grand Total: 37 creatures vanquished

Notes
Turn   | Place    | Note
-------+----------+-------------------------------------------
     0 | D:1      | DocSulfur the Merfolk Transmuter began the quest for the
                  | Orb.
     0 | D:1      | Reached XP level 1. HP: 15/15 MP: 3/3
    83 | D:1      | Reached XP level 2. HP: 2/21 MP: 3/5
    86 | D:1      | Learned a level 2 spell: Wereblood
   812 | D:1      | Reached XP level 3. HP: 26/26 MP: 4/6
  1498 | D:2      | Found an ornate altar of the Wu Jian Council.
  1550 | D:3      | HP: 1/26 [poisoned by an adder]
  1575 | D:3      | Slain by a goblin

Illustrated notes

Levels and vault maps discovered:
D:1:      elethiomel_arrival_fortress_basement, layout_basic
D:2:      layout_basic, lemuel_round_altar, lemuel_statue_altar
D:3:      layout_basic, kennysheep_boxes, uniq_robin, uniq_terence

Skill      XL: |  1 |
---------------+----+-----
Transmutations | 3 |  3.7
Fighting       | |  1.1
Dodging        | |  2.6
Unarmed Combat | |  3.9
Spellcasting   | |  2.7

Action                   || total
-------------------------++-------
Melee: Unarmed           ||    86
       Headbutt          ||     9
 Cast: Beastly Appendage ||    21
       Wereblood         ||     1
  Use: Potion            ||     1
 Stab: Sleeping          ||     3
Armor: Robe              ||    15
Dodge: Dodged            ||    54

Table legend: (Time is in decaauts)
 A = Elapsed time spent in this place.
 B = Non-inter-level travel time spent in this place.
 C = Inter-level travel time spent in this place.
 D = Time resting spent in this place.
 E = Time spent auto-exploring this place.
 F = Levels seen in this place.
 G = Mean time per level.
                   A        B        C        D        E       F      G
               +--------+--------+--------+--------+--------+-----+--------+
         Total |   1568 |   1535 |     33 |      0 |   1191 |   3 |  522.7 |
       Dungeon |   1568 |   1535 |     33 |      0 |   1191 |   3 |  522.7 |
               +--------+--------+--------+--------+--------+-----+--------+

Top non-repeatable levels by time:
     D:1: 1401 daAuts
     D:2: 128 daAuts
     D:3: 39 daAuts
